TOP OF THE 1ST |
---|
Greenville 84s batting - Pitching for Austin River Sharks : RHP Brian Just | Pitching: RHP Brian Just | | Batting: RHB Carlos Torres | 0-0: Ball 1-0: Ball 2-0: Swinging Strike 2-1: SINGLE (Groundball, 5S) (infield hit) | Batting: LHB Paco Rosas | 0-0: Ball 1-0: Called Strike 1-1: Foul Ball, location: 2F 1-2: Ball 2-2: Grounds into double play, 4-6-3 (Groundball, 4M) | Batting: RHB Enzo Díaz | 0-0: Ball 1-0: Fly out, F8 (Flyball, 8LM) | Top of the 1st over - 0 runs, 1 hit, 0 errors, 0 left on base; Greenville 0 - Austin 0 | BOTTOM OF THE 1ST |
---|
Austin River Sharks batting - Pitching for Greenville 84s : RHP Andrés Vázquez | Pitching: RHP Andrés Vázquez | | Batting: LHB José Liñares | 0-0: Fly out, F9 (Flyball, 9S) | Batting: RHB Júlio Figueroa | 0-0: Ground out 4-3 (Groundball, 4M) | Batting: LHB Greg Nelson | 0-0: Ball 1-0: Foul Ball, location: 2F 1-1: Ball 2-1: Ball 3-1: Ground out 5-3 (Groundball, 5L) | Bottom of the 1st over - 0 runs, 0 hits, 0 errors, 0 left on base; Greenville 0 - Austin 0 | TOP OF THE 2ND |
---|
Greenville 84s batting - Pitching for Austin River Sharks : RHP Brian Just | Batting: LHB Juan Cortés | 0-0: Ball 1-0: Ball 2-0: Called Strike 2-1: Fly out, F8 (Flyball, 8LS) | Batting: LHB Brock Larsen | 0-0: Ball 1-0: Ground out 6-3 (Groundball, 6) | Batting: LHB Jimmy Vickers | 0-0: Called Strike 0-1: Ball 1-1: Swinging Strike 1-2: Ball 2-2: Foul Ball, location: 2F 2-2: Strikes out looking | Top of the 2nd over - 0 runs, 0 hits, 0 errors, 0 left on base; Greenville 0 - Austin 0 | BOTTOM OF THE 2ND |
---|
Austin River Sharks batting - Pitching for Greenville 84s : RHP Andrés Vázquez | Batting: RHB Edward Young | 0-0: Ball 1-0: Ball 2-0: Called Strike 2-1: Ball 3-1: Base on Balls | Batting: RHB Pedro Guzmán | 0-0: Foul Ball, location: 2F 0-1: Ball 1-1: Called Strike Edward Young steals 2nd base 1-2: Strikes out swinging | Batting: RHB Richard Coker | 0-0: Fly out, F4 (Popup, 4D) | Batting: LHB Harry Pitts | 0-0: Ball 1-0: Called Strike 1-1: Ball 2-1: Ball 3-1: Foul Ball, location: 2F 3-2: Ground out 3-1 (Groundball, 34) | Bottom of the 2nd over - 0 runs, 0 hits, 0 errors, 1 left on base; Greenville 0 - Austin 0 | TOP OF THE 3RD |
---|
Greenville 84s batting - Pitching for Austin River Sharks : RHP Brian Just | Batting: RHB Robert Buckley | 0-0: Ball 1-0: SOLO HOME RUN (Line Drive, 7D), Distance : 416 ft | Batting: LHB Robert Moore | 0-0: Foul Ball, location: 2F 0-1: Fly out, F8 (Flyball, 78XD) | Batting: LHB Chris Moore | 0-0: Ball 1-0: Ball 2-0: Ball 3-0: Called Strike 3-1: Fly out, F9 (Flyball, 9) | Batting: RHB Carlos Torres | 0-0: Called Strike 0-1: Foul Ball, location: 2F 0-2: Ball 1-2: Strikes out looking | Top of the 3rd over - 1 run, 1 hit, 0 errors, 0 left on base; Greenville 1 - Austin 0 | BOTTOM OF THE 3RD |
---|
Austin River Sharks batting - Pitching for Greenville 84s : RHP Andrés Vázquez | Batting: RHB Dan Wyatt | 0-0: Ball 1-0: Ground out 5-3 (Groundball, 5) | Batting: RHB Andy Aiton | 0-0: Called Strike 0-1: Fly out, F9 (Flyball, 9LSF) | Batting: LHB José Liñares | 0-0: Ball 1-0: SINGLE (Flyball, 78M) | Batting: RHB Júlio Figueroa | 0-0: Ball 1-0: Ball 2-0: Ground out 4-3 (Groundball, 4) | Bottom of the 3rd over - 0 runs, 1 hit, 0 errors, 1 left on base; Greenville 1 - Austin 0 | TOP OF THE 4TH |
---|
Greenville 84s batting - Pitching for Austin River Sharks : RHP Brian Just | Batting: LHB Paco Rosas | 0-0: Ball 1-0: Ball 2-0: Ball 3-0: Called Strike 3-1: SOLO HOME RUN (Flyball, 89XD), Distance : 390 ft | Batting: RHB Enzo Díaz | 0-0: Ball 1-0: Called Strike 1-1: Called Strike 1-2: Ball 2-2: Ball 3-2: Foul Ball, location: 2F 3-2: Base on Balls | Batting: LHB Juan Cortés | 0-0: Called Strike 0-1: Ball 1-1: Ball 2-1: SINGLE (Groundball, 6MD) Enzo Díaz to second Runner from 2nd tries for 3rd, SAFE, no throw | Batting: LHB Brock Larsen | 0-0: Ball 1-0: Called Strike 1-1: Swinging Strike 1-2: Strikes out swinging | Batting: LHB Jimmy Vickers | 0-0: Ball 1-0: Ball 2-0: Ball 3-0: Called Strike 3-1: Foul Ball, location: 2F 3-2: Grounds into double play, 6-4-3 (Groundball, 6) | Top of the 4th over - 1 run, 2 hits, 0 errors, 1 left on base; Greenville 2 - Austin 0 | BOTTOM OF THE 4TH |
---|
Austin River Sharks batting - Pitching for Greenville 84s : RHP Andrés Vázquez | Batting: LHB Greg Nelson | 0-0: Ball 1-0: Ball 2-0: Ball 3-0: Called Strike 3-1: Base on Balls | Batting: RHB Edward Young | 0-0: Foul Ball, location: 2F 0-1: Foul Ball, location: 2F 0-2: Foul Ball, location: 2F 0-2: Strikes out looking | Batting: RHB Pedro Guzmán | 0-0: Ball Passed Ball! Greg Nelson to second 1-0: Fly out, F3 (Popup, 3S) | Batting: RHB Richard Coker | 0-0: Ball 1-0: Ball 2-0: Ball 3-0: Called Strike 3-1: Swinging Strike 3-2: Base on Balls | Batting: LHB Harry Pitts | 0-0: Ball 1-0: Foul Ball, location: 2F 1-1: Foul Ball, location: 2F 1-2: Foul Ball, location: 2F 1-2: Strikes out swinging | Bottom of the 4th over - 0 runs, 0 hits, 0 errors, 2 left on base; Greenville 2 - Austin 0 | TOP OF THE 5TH |
---|
Greenville 84s batting - Pitching for Austin River Sharks : RHP Brian Just | Batting: RHB Robert Buckley | 0-0: Called Strike 0-1: Ball 1-1: Foul Ball, location: 2F 1-2: Strikes out swinging | Batting: LHB Robert Moore | 0-0: Foul Ball, location: 2F 0-1: SINGLE (Flyball, 78S) | Batting: LHB Chris Moore | 0-0: Called Strike 0-1: Called Strike 0-2: Ball 1-2: Ball 2-2: SINGLE (Flyball, 7S) Robert Moore to second | Batting: RHB Carlos Torres | 0-0: Foul Ball, location: 2F 0-1: Called Strike 0-2: Foul Ball, location: 2F 0-2: Foul Ball, location: 2F 0-2: Ball 1-2: Ball 2-2: Foul Ball, location: 2F 2-2: SINGLE (Groundball, 6MD) Robert Moore to third Chris Moore to second | Batting: LHB Paco Rosas | 0-0: SINGLE (Line Drive, 4MD) Robert Moore scores Chris Moore to third Carlos Torres to second | Batting: RHB Enzo Díaz | 0-0: Foul Ball, location: 2F 0-1: Ball 1-1: Called Strike 1-2: Foul Ball, location: 2F 1-2: Foul Ball, location: 2F 1-2: DOUBLE (Line Drive, 78XD) Chris Moore scores Carlos Torres scores Paco Rosas to third | Pitching: LHP António Bueno | | Batting: LHB Juan Cortés | 0-0: Called Strike 0-1: Foul Ball, location: 2F 0-2: Strikes out swinging | Batting: LHB Brock Larsen | 0-0: SINGLE (Line Drive, 56D) Paco Rosas scores Enzo Díaz to third Runner from 3rd tries for Home, SAFE, throw made home | Batting: LHB Jimmy Vickers | 0-0: Called Strike 0-1: DOUBLE (Flyball, 89XD) Brock Larsen to third Runner from 3rd tries for Home, SAFE, no throw | Batting: RHB Robert Buckley | 0-0: Ball 1-0: Foul Ball, location: 2F 1-1: Called Strike 1-2: Strikes out swinging | Top of the 5th over - 6 runs, 7 hits, 0 errors, 1 left on base; Greenville 8 - Austin 0 | BOTTOM OF THE 5TH |
---|
Austin River Sharks batting - Pitching for Greenville 84s : RHP Andrés Vázquez | Batting: RHB Dan Wyatt | 0-0: SINGLE (Groundball, 34D) | Batting: RHB Andy Aiton | 0-0: Ball 1-0: Ball 2-0: Called Strike 2-1: Foul Ball, location: 2F 2-2: Foul Ball, location: 2F 2-2: Strikes out swinging | Batting: LHB José Liñares | 0-0: Ball 1-0: Ball 2-0: SINGLE (Groundball, 56D) Dan Wyatt to second | Batting: RHB Júlio Figueroa | 0-0: Grounds into double play, 4-6-3 (Groundball, 4) | Bottom of the 5th over - 0 runs, 2 hits, 0 errors, 1 left on base; Greenville 8 - Austin 0 | TOP OF THE 6TH |
---|
Greenville 84s batting - Pitching for Austin River Sharks : LHP António Bueno | Batting: LHB Robert Moore | 0-0: Ball 1-0: Fly out, F7 (Flyball, 78M) | Batting: LHB Chris Moore | 0-0: Foul Ball, location: 2F 0-1: Foul Ball, location: 2F 0-2: Ball 1-2: Foul Ball, location: 2F 1-2: Fly out, F7 (Flyball, 78S) | Batting: RHB Carlos Torres | 0-0: Ball 1-0: Called Strike 1-1: SOLO HOME RUN (Flyball, 7LD), Distance : 371 ft | Batting: LHB Paco Rosas | 0-0: Called Strike 0-1: Ball 1-1: Foul Ball, location: 2F 1-2: Strikes out looking | Top of the 6th over - 1 run, 1 hit, 0 errors, 0 left on base; Greenville 9 - Austin 0 | BOTTOM OF THE 6TH |
---|
Austin River Sharks batting - Pitching for Greenville 84s : RHP Andrés Vázquez | Batting: LHB Greg Nelson | 0-0: Called Strike 0-1: Foul Ball, location: 2F 0-2: Ground out U3 (Groundball, 34) | Batting: RHB Edward Young | 0-0: SINGLE (Flyball, 9LS) | Batting: RHB Pedro Guzmán | 0-0: Ball 1-0: Foul Ball, location: 2F 1-1: Called Strike 1-2: Fly out, F4 (Popup, 4) | Batting: RHB Richard Coker | 0-0: Called Strike Edward Young steals 2nd base 0-1: Ball 1-1: Ground out 4-3 (Groundball, 4) | Bottom of the 6th over - 0 runs, 1 hit, 0 errors, 1 left on base; Greenville 9 - Austin 0 | TOP OF THE 7TH |
---|
Greenville 84s batting - Pitching for Austin River Sharks : LHP António Bueno | Batting: RHB Enzo Díaz | 0-0: Ball 1-0: Foul Ball, location: 2F 1-1: Ground out 6-3 (Groundball, 6) | Batting: LHB Juan Cortés | 0-0: Foul Ball, location: 2F 0-1: Ball 1-1: Swinging Strike 1-2: DOUBLE (Flyball, 78D) | Batting: LHB Brock Larsen | 0-0: Ground out U3 (Groundball, 34) Juan Cortés to third | Batting: LHB Jimmy Vickers | 0-0: Foul Ball, location: 2F 0-1: Ball 1-1: Ball 2-1: Foul Ball, location: 2F 2-2: Ball 3-2: Base on Balls | Batting: RHB Robert Buckley | 0-0: Foul Ball, location: 2F 0-1: Ball 1-1: Foul Ball, location: 2F Balk! Juan Cortés scores Jimmy Vickers to second 1-2: Ball 2-2: Foul Ball, location: 2F 2-2: Strikes out swinging | Top of the 7th over - 1 run, 1 hit, 0 errors, 1 left on base; Greenville 10 - Austin 0 | BOTTOM OF THE 7TH |
---|
Austin River Sharks batting - Pitching for Greenville 84s : RHP Andrés Vázquez | Batting: LHB Harry Pitts | 0-0: Ball 1-0: Ball 2-0: Foul Ball, location: 2F 2-1: Ground out 4-3 (Groundball, 4) | Batting: RHB Dan Wyatt | 0-0: Foul Ball, location: 2F 0-1: Fly out, F7 (Flyball, 78M) | Batting: RHB Andy Aiton | 0-0: Called Strike 0-1: Called Strike 0-2: Foul Ball, location: 2F 0-2: Strikes out swinging | Bottom of the 7th over - 0 runs, 0 hits, 0 errors, 0 left on base; Greenville 10 - Austin 0 | TOP OF THE 8TH |
---|
Greenville 84s batting - Pitching for Austin River Sharks : LHP António Bueno | Batting: LHB Robert Moore | 0-0: Swinging Strike 0-1: Ball 1-1: Ball 2-1: Swinging Strike 2-2: Fly out, F5 (Popup, 5SF) | Batting: LHB Chris Moore | 0-0: Ball 1-0: Ball 2-0: Ball 3-0: Called Strike 3-1: Called Strike 3-2: Foul Ball, location: 2F 3-2: SINGLE (Flyball, 7LM) | Pitching: RHP Jean Burrows | | Batting: RHB Carlos Torres | 0-0: SINGLE (Flyball, 8RS) Chris Moore to second | Batting: LHB Paco Rosas | 0-0: Ball 1-0: Foul Ball, location: 2F 1-1: Swinging Strike 1-2: Strikes out swinging | Batting: RHB Enzo Díaz | 0-0: Called Strike 0-1: Ball 1-1: Called Strike 1-2: Ball 2-2: Strikes out swinging | Top of the 8th over - 0 runs, 2 hits, 0 errors, 2 left on base; Greenville 10 - Austin 0 | BOTTOM OF THE 8TH |
---|
Austin River Sharks batting - Pitching for Greenville 84s : RHP Andrés Vázquez | Batting: LHB José Liñares | 0-0: Ball 1-0: Foul Ball, location: 2F 1-1: Ball 2-1: Foul Ball, location: 2F 2-2: Foul Ball, location: 2F 2-2: Foul Ball, location: 2F 2-2: SINGLE (Groundball, 34D) | Batting: RHB Júlio Figueroa | 0-0: Called Strike 0-1: Ball 1-1: Ball 2-1: Fielders Choice at 2nd, 1-4 (Groundball, 15S) | Pinch Hitting: RHB Tony Cruz | 0-0: Called Strike | |
---|
| | 0-1: Ball 1-1: Foul Ball, location: 2F 1-2: Ball 2-2: Strikes out swinging | Pitching: LHP Raymond Ritchie | | Batting: RHB Edward Young | 0-0: Called Strike 0-1: Ball 1-1: Ball 2-1: Ball 3-1: Base on Balls Júlio Figueroa to second | Batting: RHB Pedro Guzmán | 0-0: Called Strike 0-1: Ball 1-1: Called Strike 1-2: Ground out U3 (Groundball, 3) | Bottom of the 8th over - 0 runs, 1 hit, 0 errors, 2 left on base; Greenville 10 - Austin 0 | TOP OF THE 9TH |
---|
Greenville 84s batting - Pitching for Austin River Sharks : RHP Jean Burrows | Now at 1B: Tony Cruz | | Batting: LHB Juan Cortés | 0-0: Called Strike 0-1: Ground out 4-3 (Groundball, 4) | Batting: LHB Brock Larsen | 0-0: Ball 1-0: Ground out 6-3 (Groundball, 6) | Batting: LHB Jimmy Vickers | 0-0: Ball 1-0: Called Strike 1-1: Called Strike 1-2: Ball 2-2: Strikes out swinging | Top of the 9th over - 0 runs, 0 hits, 0 errors, 0 left on base; Greenville 10 - Austin 0 | BOTTOM OF THE 9TH |
---|
Austin River Sharks batting - Pitching for Greenville 84s : LHP Raymond Ritchie | Batting: RHB Richard Coker | 0-0: Ball 1-0: Foul Ball, location: 2F 1-1: Fly out, F9 (Flyball, 9LM) | Batting: LHB Harry Pitts | 0-0: Called Strike 0-1: Called Strike 0-2: Strikes out swinging | Batting: RHB Dan Wyatt | 0-0: Ball 1-0: SINGLE (Groundball, 6MD) | Batting: RHB Andy Aiton | 0-0: Ball 1-0: Called Strike 1-1: Ball 2-1: Ball 3-1: Base on Balls Dan Wyatt to second | Batting: LHB José Liñares | 0-0: Ball Balk! Dan Wyatt to third Andy Aiton to second 1-0: Ball 2-0: Ball 3-0: Base on Balls | Batting: RHB Júlio Figueroa | 0-0: Called Strike 0-1: Ball 1-1: Ball 2-1: DOUBLE (Flyball, 78D) Dan Wyatt scores Andy Aiton scores José Liñares to third | Batting: RHB Tony Cruz | 0-0: Called Strike 0-1: Ball 1-1: Ball 2-1: Fly out, F3 (Popup, 3S) | Bottom of the 9th over - 2 runs, 2 hits, 0 errors, 2 left on base; Greenville 10 - Austin 2 | | Saturday, December 16th, 2017 - OOTP Baseball 18.8 Build 76 | |